 Dungeon Crawl Stone Soup version 0.28-a0-804-g60983d4ba9 (webtiles) character file.

Game seed: 8944388826414344746

63 vurker the Gusty (level 3, -1/15 HPs)
             Began as a Felid Air Elementalist on Nov 7, 2021.
             Succumbed to an adder's poison
             ... on level 2 of the Dungeon.
             The game lasted 00:01:55 (1881 turns).

vurker the Gusty (Felid Air Elementalist)           Turns: 1881, Time: 00:01:55

Health: -1/15      AC:  1    Str:  4    XL:     3   Next: 87%
Magic:  4/8        EV: 17    Int: 17    God:
Gold:   37         SH:  0    Dex: 16    Spells: 6/7 levels left
                                        Lives:  0   Deaths: 0

rFire   + . .      SeeInvis +   (weapon unavailable)
rCold   . . .      Faith    .   (shield unavailable)
rNeg    . . .      Spirit   .   (armour unavailable)
rPois   .          Reflect  .   (helmet unavailable)
rElec   .          Harm     .   (cloak unavailable)
rCorr   .          Rampage  .   (gloves unavailable)
Will    .....                   (boots unavailable)
Stlth   ++........              (no amulet)
HPRegen 0.05/turn               c - ring of protection from fire
MPRegen 0.11/turn               (no ring)

@: lethally poisoned (-1 -> -3), slowed, slow
A: very small, claws 1, fangs 3, see invisible, speed 1, shaggy fur 1, stealthy
paws, no weapons or thrown items, no armour, multi-lived
a: no special abilities


You were on level 2 of the Dungeon.
You visited 1 branch of the dungeon, and saw 2 of its levels.

You collected 37 gold pieces.

Inventory:

Jewellery
 c - a ring of protection from fire (left paw)
   (You found it on level 1 of the Dungeon)
Scrolls
 d - 2 scrolls of blinking
 e - a scroll of enchant armour {unknown}
 g - a scroll of identify {unknown}
Potions
 a - a potion of haste {unknown}
 b - a potion of degeneration {unknown}
 f - a potion of heal wounds {unknown}


   Skills:
 + Level 1.3 Fighting
 - Level 2.6 Dodging
 - Level 2.6 Stealth
 * Level 2.7 Spellcasting
 + Level 1.4 Conjurations
 * Level 3.3 Air Magic


You had 6 spell levels left.
You knew the following spells:

 Your Spells              Type           Power      Damage    Failure   Level
a - Shock                 Conj/Air       40%        1d5       7%          1

Your spell library contained the following spells:

 Spells                   Type           Power      Damage    Failure   Level
 Static Discharge         Conj/Air       10%        N/A       10%         2
 Swiftness                Air            13%        N/A       14%         3
 Airstrike                Air            6%         N/A       41%         4
 Tukima's Dance           Hex            2%         N/A       47%         3
 Passage of Golubria      Tloc           2%         N/A       87%         4
 Yara's Violent Unravell  Hex/Tmut       1%         3d3       99%         5


Dungeon Overview and Level Annotations

Branches:
Dungeon (2/15)

Altars:
Ru

Annotations:
D:2 Natasha


Innate Abilities, Weirdness & Mutations

You have sharp claws.
You have razor-sharp teeth.
You have supernaturally acute eyesight. (SInv)
You cover ground quickly. (Speed+)
You are covered in fur. (AC +1)
Your paws help you pounce on unaware monsters.
You are incapable of wielding weapons or throwing items.
You cannot wear armour.
You gain extra lives every three experience levels.


Message History

You kill the frilled lizard!
You can't see any susceptible monsters within range! (Use Z to cast anyway.)
You can't see any susceptible monsters within range! (Use Z to cast anyway.)
Found a leather armour.
A rat comes into view.
A rat is nearby!
Aim: a rat (asleep, 100% to hit)
The zap hits the rat.
You kill the rat!
You can't see any susceptible monsters within range! (Use Z to cast anyway.)
You can't see any susceptible monsters within range! (Use Z to cast anyway.)
An adder, a giant cockroach and Natasha come into view.
The giant cockroach moves out of view.
Aim: Natasha (wandering, hasn't noticed you, 60% to hit)
The zap hits Natasha.
Natasha hisses angrily.
The adder hisses angrily.
Natasha stares at you and mumbles some strange words.
You feel yourself slow down.
Natasha mumbles some strange words.
Natasha's front paws start to glow.
Natasha casts a spell.
You see here a frilled lizard corpse.
The adder closely misses you.
Aim: Natasha (lightly wounded, 60% to hit)
The zap hits the adder.
The zap hits the giant cockroach but does no damage.
The zap misses Natasha.
The zap hits Natasha.
The zap misses the giant cockroach.
The zap misses the adder.
The adder bites you.
You are poisoned.
The adder poisons you!
Natasha casts a spell.
The adder closely misses you.
The giant cockroach bites you but does no damage.
The zap misses the adder.
The zap misses Natasha. x2
The zap misses the adder.
You feel sick. The adder closely misses you. The giant cockroach bites you.
The adder misses you.
Natasha mumbles some strange words.
The zap hits the giant cockroach.
The zap misses the giant cockroach.
The zap hits Natasha.
The zap misses Natasha.
The zap hits the iron imp but does no damage.
You feel sick. The giant cockroach bites you.
* * * LOW HITPOINT WARNING * * *
The adder barely misses you. The giant cockroach barely misses you.
The adder closely misses you. The shadow imp hits you.
* * * LOW HITPOINT WARNING * * *
The zap hits the giant cockroach.
You kill the giant cockroach!
The zap misses Natasha.
The zap hits Natasha.
You die...

..............###
..............†.#
##......#####.#.##
........# #.#..#
.#......# #.##.###
#......# #.......
#......# #.###..#
#......#####.# ...
## #5@##.....##.#
#.. . #. #.S##.....#
.. ..#+##.
#5h##.....# ..
.......###.5.......+
..
.......+...###.(...#
. #......##..#
#.....# '..........#
#.....# #......##.##
#.....# ###'##. #[#
##.####


You could see an iron imp (summoned), Natasha, a crimson imp (summoned), an
adder and a shadow imp (summoned).

Vanquished Creatures
  Natasha (D:2)
  A dart slug (D:1)
  4 bats (D:1)
  An endoplasm (D:1)
  4 giant cockroaches
  3 goblins (D:1)
  2 hobgoblins (D:1)
  6 jackals (D:1)
  3 quokkas (D:1)
  3 ball pythons (D:1)
  2 frilled lizards
  A kobold (D:1)
  2 rats
33 creatures vanquished.

Vanquished Creatures (others)
  A fungus (D:1)
  2 plants (D:1)
3 creatures vanquished.

Grand Total: 36 creatures vanquished

Notes
Turn   | Place    | Note
-------+----------+-------------------------------------------
     0 | D:1      | vurker the Felid Air Elementalist began the quest for the
                  | Orb.
     0 | D:1      | Reached XP level 1. HP: 7/7 MP: 4/4
    59 | D:1      | Reached skill level 1 in Conjurations
   380 | D:1      | Reached XP level 2. HP: 12/12 MP: 1/6
   471 | D:1      | Found a faded altar of an unknown god.
   602 | D:1      | Reached skill level 3 in Air Magic
  1327 | D:1      | Reached skill level 1 in Fighting
  1355 | D:1      | Reached XP level 3. HP: 15/15 MP: 5/7
  1766 | D:2      | Found a sacrificial altar of Ru.
  1770 | D:2      | Noticed Natasha
  1783 | D:2      | Killed Natasha
  1869 | D:2      | Noticed Natasha
  1881 | D:2      | Succumbed to an adder's poison

Illustrated notes

Levels and vault maps discovered:
D:1:      minmay_arrival_checkered_box, layout_loops_corners,
          shapermc_ecumenical_altar_acropolis, amethyst_killhole
D:2:      layout_basic, basic_altar, kennysheep_boxes, uniq_natasha

Skill      XL: |  1  2 |
---------------+-------+-----
Conjurations   | 1 |  1.4
Air Magic      | 3 |  3.3
Fighting       | 1 |  1.3
Dodging        | |  2.6
Stealth        | |  2.6
Spellcasting   | |  2.7

Action                   || total
-------------------------++-------
Melee: Unarmed           ||    17
 Cast: Shock             ||    67
  Use: Scroll            ||     1
Armor: Skin              ||     3
Dodge: Dodged            ||    30

Table legend: (Time is in decaauts)
 A = Elapsed time spent in this place.
 B = Non-inter-level travel time spent in this place.
 C = Inter-level travel time spent in this place.
 D = Time resting spent in this place.
 E = Time spent auto-exploring this place.
 F = Levels seen in this place.
 G = Mean time per level.
                   A        B        C        D        E       F      G
               +--------+--------+--------+--------+--------+-----+--------+
         Total |   1698 |   1651 |     47 |      3 |   1438 |   2 |  849.0 |
       Dungeon |   1698 |   1651 |     47 |      3 |   1438 |   2 |  849.0 |
               +--------+--------+--------+--------+--------+-----+--------+

Top non-repeatable levels by time:
     D:1: 1517 daAuts
     D:2: 180 daAuts
